 Dungeon Crawl Stone Soup version 0.26.1-2-gb8aa6d0cf2 (webtiles) character file.

Game seed: 1675869338481638629

4819 tysohal the Grappler (level 10, -9/101 HPs)
             Began as a Troll Warper on Feb 13, 2021.
             Was a Believer of the Shining One.
             Mangled by a green ugly thing (10 damage)
             ... on level 9 of the Dungeon.
             The game lasted 01:56:32 (12669 turns).

tysohal the Grappler (Troll Warper)                Turns: 12669, Time: 01:56:35

Health: -9/101     AC:  8    Str: 18 (21) XL:     10   Next: 24%
Magic:  13/13      EV: 11    Int: 10      God:    the Shining One [**....]
Gold:   235        SH:  0    Dex:  9 (11) Spells: 7/15 levels left

rFire    . . .     SeeInvis .     - Unarmed
rCold    . . .     Faith    .   (no shield)
rNeg     + . .     Spirit   .   a - +1 robe
rPois    +         Reflect  .   (helmet restricted)
rElec    .         Harm     .   A - +0 cloak
rCorr    .         Rampage  .   (gloves unavailable)
Will     +....     Rnd*Rage +   (boots unavailable)
Stlth    +.........             (no amulet)
HPRegen  1.06/turn              i - ring of willpower
MPRegen  0.13/turn              D - ring of poison resistance

@: lethally poisoned (-9 -> -12), berserk cooldown, slowed, glowing, very slow
A: large, unfitting armour, claws 3, berserk 1, regeneration 2, robust 1, shaggy
fur 1, tough skin 3
a: Renounce Religion, Divine Shield


You were on level 9 of the Dungeon.
You worshipped the Shining One.
The Shining One was pleased with you.
You visited 2 branches of the dungeon, and saw 10 of its levels.

You collected 365 gold pieces.
You spent 130 gold pieces at shops.

Inventory:

Hand Weapons
 Q - a +1 shortbow
Missiles
 d - 5 boomerangs of dispersal
 g - 111 stones
 t - 5 large rocks
 v - 2 curare-tipped darts
 y - 87 arrows
Armour
 a - a +1 robe (worn)
 w - a +0 robe
 A - a +0 cloak (worn)
Magical Staves
 q - an uncursed staff of air
Jewellery
 b - an uncursed ring of flight
 f - an uncursed ring of fire
 i - a ring of willpower (left claw)
 p - an uncursed ring of teleportation
 D - a ring of poison resistance (right claw)
Wands
 j - a wand of paralysis (14)
Scrolls
 c - a scroll of blinking
 e - 2 scrolls of remove curse
 h - 2 scrolls of fear
 k - 2 scrolls of teleportation
 l - 6 scrolls of identify
 o - a scroll of noise
 r - a scroll of fog
 x - a scroll of random uselessness
 z - a scroll of torment {unknown}
 R - a scroll of enchant armour
Potions
 m - a potion of lignification
 n - a potion of resistance
 s - 4 potions of curing
 u - a potion of heal wounds


   Skills:
 + Level 3.9 Fighting
 + Level 4.1 Throwing
 + Level 2.9 Armour
 + Level 4.9 Dodging
 - Level 0.7 Stealth
 * Level 8.4 Unarmed Combat
 + Level 3.3 Spellcasting
 + Level 4.7 Translocations
 + Level 3.7 Invocations


You had 7 spell levels left.
You knew the following spells:

 Your Spells              Type           Power        Failure   Level
a - Blink                 Tloc           N/A          6%          2
b - Lesser Beckoning      Tloc           5%           12%         3
c - Teleport Other        Tloc           11%          12%         3

Your spell library contained the following spells:

 Spells                   Type           Power        Failure   Level
 Gell's Gravitas          Tloc           5%           12%         3
 Passage of Golubria      Tloc           N/A          36%         4
 Wereblood                Tmut           1%           38%         2
 Alistair's Intoxication  Tmut/Pois      0%           100%        5
 Irradiate                Conj/Tmut      0%           100%        5


Dungeon Overview and Level Annotations

Branches:
Dungeon (9/15)             Temple (1/1) D:5
   Lair: D:8-11         Orc: D:9-12

Altars:
Ashenzari
Cheibriados
Dithmenos
Elyvilon
Fedhas
Gozag
Hepliaklqana
Kikubaaqudgha
Makhleb
Nemelex Xobeh
Okawaru
Sif Muna
Trog
Uskayaw
Vehumet
Wu Jian
Xom
Yredelemnul
Zin
The Shining One
Lugonu

Shops:
D:4 =   D:6 ?   D:8 =

Annotations:
D:2 1 exclusion


Innate Abilities, Weirdness & Mutations

You are too large for most types of armour.
You have claws for hands.
You heal very quickly.
You are covered in fur. (AC +1)
You have extremely tough skin. (AC +3)
You tend to lose your temper in combat.
You are robust. (+10% HP)


Message History

The small abomination hits you. The green ugly thing claws you!
You are poisoned.
The green ugly thing poisons you! The small abomination hits you!
The green ugly thing claws you! The small abomination hits you!!
You feel very sick.
The small abomination hits you but does no damage.
You feel very sick. The small abomination hits you.
* * * LOW HITPOINT WARNING * * *
You feel very sick.
There is a transporter here.
You enter the transporter and appear at another place.
You feel very sick. The green ugly thing claws you!
* * * LOW HITPOINT WARNING * * *
The small abomination hits you!
* * * LOW HITPOINT WARNING * * *
The green ugly thing claws you!
You die...

#### ##..
##..######
........
####.....# #
##©?##...# .##
#...##ux.##.!.#
#.#.x##@##....#
###...###...###
##.xx©...##
##.....##
#.._..#
##.....##
##.......##
###...###...###
#..$.##©##....#
##


You could see a green ugly thing and 4 small abominations.

Vanquished Creatures
  A two-headed ogre (D:8)
  Pikel (D:7)
  Maurice (D:8)
  Sigmund (D:2)
  2 orc warriors
  A phantom (D:7)
  3 sky beasts
  5 ogres
  3 centaurs
  2 lemures (D:7)
  2 big kobolds
  5 bullfrogs
  2 scorpions
  5 killer bees (D:8)
  A howler monkey (D:3)
  2 bullfrog zombies (D:6)
  A quasit (D:8)
  2 orc priests
  4 hounds
  Crazy Yiuf (D:2)
  A centaur skeleton (D:7)
  A bullfrog skeleton (D:7)
  Jessica (D:2)
  Natasha (thrice) (D:2)
  5 iguanas
  8 orc wizards
  8 worker ants
  4 gnolls (D:9)
  10 adders
  A shadow imp (D:9)
  2 ufetubi
  An adder skeleton (D:8)
  An ooze (D:1)
  A worm (D:3)
  3 dart slugs
  2 leopard geckos
  31 orcs
  2 ball pythons (D:1)
  5 bats
  6 giant cockroaches
  3 goblins
  3 hobgoblins (D:2)
  6 jackals
  4 quokkas
  3 frilled lizards
  A jackal skeleton (D:8)
  9 kobolds
  6 rats
  A bush (D:2)
177 creatures vanquished.

Vanquished Creatures (others)
  2 kobolds (D:8)
  3 fungi (D:2)
5 creatures vanquished.

Grand Total: 182 creatures vanquished

Notes
Turn   | Place    | Note
-------+----------+-------------------------------------------
     0 | D:1      | tysohal the Troll Warper began the quest for the Orb.
     0 | D:1      | Reached XP level 1. HP: 19/19 MP: 1/1
    74 | D:1      | Reached XP level 2. HP: 27/27 MP: 3/3
   122 | D:1      | Learned a level 2 spell: Blink
  1573 | D:2      | Reached XP level 3. HP: 34/35 MP: 4/4
  1581 | D:2      | Noticed Jessica
  1615 | D:2      | Killed Jessica
  1798 | D:2      | Reached XP level 4. HP: 42/42 MP: 5/5
  1906 | D:2      | Found a runed translucent door.
  1907 | D:2      | Noticed Crazy Yiuf
  1914 | D:2      | Killed Crazy Yiuf
  2028 | D:2      | Noticed Natasha
  2033 | D:2      | Killed Natasha
  2034 | D:2      | Reached skill level 3 in Unarmed Combat
  2048 | D:2      | Noticed Natasha
  2052 | D:2      | Killed Natasha
  2053 | D:2      | Reached XP level 5. HP: 45/49 MP: 6/6
  2225 | D:2      | Noticed Natasha
  2262 | D:2      | Killed Natasha
  2554 | D:2      | Noticed Sigmund
  2572 | D:2      | Killed Sigmund
  2573 | D:2      | Reached skill level 4 in Unarmed Combat
  2573 | D:2      | Reached XP level 6. HP: 34/57 MP: 7/7
  2577 | D:2      | Learned a level 3 spell: Lesser Beckoning
  2581 | D:2      | Learned a level 3 spell: Teleport Other
  3858 | D:3      | Found an iron altar of Okawaru.
  3961 | D:3      | Found a glowing golden altar of the Shining One.
  3964 | D:3      | Became a worshipper of the Shining One
  4102 | D:3      | Gained mutation: You tend to lose your temper in combat.
                  | [potion of mutation]
  4102 | D:3      | Gained mutation: You heal very quickly. [potion of
                  | mutation]
  4102 | D:3      | Gained mutation: You are robust. (+10% HP) [potion of
                  | mutation]
  4192 | D:3      | Reached skill level 5 in Unarmed Combat
  4338 | D:3      | You fall into a shaft and drop 3 floors!
  4356 | D:6      | Reached skill level 1 in Throwing
  4398 | D:6      | Reached XP level 7. HP: 63/71 MP: 8/8
  4465 | D:6      | Found a basalt altar of Yredelemnul.
  4767 | D:6      | Reached skill level 1 in Invocations
  4885 | D:6      | Found Cofer's Magic Scroll Boutique.
  4931 | D:6      | Bought a scroll of remove curse for 39 gold pieces
  5009 | D:5      | Entered Level 5 of the Dungeon
  5121 | D:4      | Found a white marble altar of Elyvilon.
  5343 | D:4      | Found Xyliacs's Jewellery Emporium.
  5955 | D:4      | Reached skill level 6 in Unarmed Combat
  5955 | D:4      | Reached XP level 8. HP: 41/79 MP: 10/10
  6553 | D:5      | Found a staircase to the Ecumenical Temple.
  6562 | D:5      | Identified Boulonust's Disquisition on Changing
  6566 | D:5      | Got a translucent falchion
  6567 | D:5      | Identified the +9 falchion "Ijinlyje" {flame, rF+ Will+
                  | Str-3 SInv} (You found it on level 5 of the Dungeon)
  6579 | Temple   | Entered the Ecumenical Temple
  7176 | D:5      | Found a glowing silver altar of Zin.
  7658 | D:4      | Found a hide-covered altar of Uskayaw.
  8848 | D:5      | Found a glowing silver altar of Zin.
  8909 | D:5      | Found a staircase to the Ecumenical Temple.
 10703 | D:7      | Reached skill level 1 in Armour
 10965 | D:8      | Noticed Maurice
 10995 | D:8      | Reached * piety under the Shining One
 11027 | D:7      | Reached skill level 7 in Unarmed Combat
 11331 | D:8      | Killed Maurice
 11332 | D:8      | Reached XP level 9. HP: 88/88 MP: 10/12
 11333 | D:8      | Found Warozob's Jewellery Shoppe.
 11354 | D:8      | Bought a cursed amulet of inaccuracy for 28 gold pieces
 11354 | D:8      | Bought a cursed ring of attention for 63 gold pieces
 11553 | D:7      | Noticed Pikel
 11586 | D:7      | Killed Pikel
 12006 | D:8      | Reached skill level 8 in Unarmed Combat
 12279 | D:8      | Noticed a two-headed ogre
 12289 | D:8      | Killed a two-headed ogre
 12290 | D:8      | Reached XP level 10. HP: 56/101 MP: 13/13
 12652 | D:9      | Noticed a green ugly thing
 12653 | D:9      | Found a transporter.
 12654 | D:9      | Reached ** piety under the Shining One
 12655 | D:9      | Noticed a purple ugly thing
 12656 | D:9      | Found a corrupted altar of Lugonu.
 12661 | D:9      | Found a transporter.
 12669 | D:9      | HP: 1/101 [small abomination (15)]
 12669 | D:9      | Mangled by a green ugly thing

Illustrated notes

Levels and vault maps discovered:
D:1:      onia_arrival_handbag, layout_basic
D:2:      layout_basic, uniq_sigmund, uniq_jessica, uniq_natasha,
          uniq_crazy_yiuf_cottage
D:3:      layout_rooms, old_standard_altar, tso_oasis_becter
D:4:      layout_cave_pods, elyvilon_altar_3, lemuel_crystal_altar,
          serial_shops, shop
D:5:      layout_basic, general_overflow_altar, minmay_temple_entry_offerings
D:6:      layout_basic, kennysheep_mini_moat, serial_shops, nicolae_shop_crystal
D:7:      layout_basic, uniq_pikel
D:8:      layout_cave_pools, serial_column_ruins, column_ruins_open_tiny,
          column_ruins_open_medium, column_ruins_grid_1, column_ruins_grid_4,
          column_ruins_open_small, serial_shops, shop, uniq_maurice
D:9:      gammafunk_corrupted_shrine, layout_rooms, minitemple,
          kennysheep_generic_room_6
Temple:   zaba_magenta_temple

Skill      XL: |  1  2  3  4  5  6  7  8  9 10 |
---------------+-------------------------------+-----
Dodging        | 2 3 4 |  4.9
Translocations | 3 4 |  4.7
Unarmed Combat | 3 4 5 6 7 8 |  8.4
Fighting       | 2 3 |  3.9
Throwing       | 1 2 3 4 |  4.1
Invocations    | 1 2 3 |  3.7
Spellcasting   | 2 3 |  3.3
Armour         | 1 2 |  2.9
Stealth        | |  0.7

Action                   |  1- 3 |  4- 6 |  7- 9 | 10-12 || total
-------------------------+-------+-------+-------+-------++-------
Melee: Unarmed           |    57 |   151 |   332 |    45 ||   585
       Punch             |       |     3 |    10 |       ||    13
 Cast: Blink             |     2 |     1 |     3 |       ||     6
       Teleport Other    |       |       |     3 |       ||     3
  Use: Scroll            |     4 |     2 |     4 |       ||    10
       Potion            |     2 |     1 |     4 |     1 ||     8
 Stab: Sleeping          |     1 |       |       |       ||     1
Armor: Robe              |    22 |    32 |   120 |    15 ||   189
Dodge: Dodged            |    22 |    46 |   210 |    31 ||   309
